 Dungeon Crawl Stone Soup version 0.23.1 (webtiles) character file.

Game seed: 8233531032014839201

587 esteth the Thaumaturge (level 7, -5/36 HPs)
             Began as a Deep Elf Wizard on Mar 5, 2019.
             Slain by an iguana (11 damage)
             ... on level 4 of the Dungeon.
             The game lasted 00:13:50 (4577 turns).

esteth the Thaumaturge (Deep Elf Wizard)            Turns: 4577, Time: 00:13:51

Health: -5/36      AC:  2    Str:  3 (4)  XL:     7   Next: 15%
Magic:  11/20      EV: 12    Int: 25      God:
Gold:   180        SH:  0    Dex: 10 (13) Spells: 13/22 levels left

rFire    . . .     SeeInvis .   (no weapon)
rCold    . . .     Gourm    .   (no shield)
rNeg     . . .     Faith    .   a - +0 robe
rPois    .         Spirit   .   b - +0 hat
rElec    .         Reflect  .   (no cloak)
rCorr    .         Harm     .   (no gloves)
MR       .....                  (no boots)
Stlth    ++........             (no amulet)
HPRegen  0.12/turn              (no ring)
MPRegen  0.17/turn              (no ring)

@: lethally poisoned (-5 -> -6)
A: no striking features
a: no special abilities


You were on level 4 of the Dungeon.
You were hungry.

You visited 1 branch of the dungeon, and saw 5 of its levels.

You collected 180 gold pieces.

Inventory:

Armour
 a - a +0 robe (worn)
 b - a +0 hat (worn)
Jewellery
 c - a cursed -2 ring of protection {unknown}
Wands
 o - a wand of flame (26)
Scrolls
 e - a scroll of magic mapping
 j - a scroll of enchant armour {unknown}
 k - a scroll of identify
 p - 3 scrolls of teleportation {unknown}
Potions
 m - a potion of brilliance {unknown}
 q - 2 potions of experience {unknown}
Comestibles
 d - 7 rations


   Skills:
 - Level 2.4 Dodging
 - Level 2.4 Stealth
 + Level 8.3 Spellcasting
 - Level 5.5 Conjurations
 + Level 2.0 Summonings
   Level 1.1 Translocations
 - Level 0.5 Air Magic
 - Level 0.5 Poison Magic


You had 13 spell levels left.
You knew the following spells:

 Your Spells              Type           Power        Failure   Level  Hunger
a - Magic Dart            Conj           ####         1%          1    None
b - Conjure Flame         Conj/Fire      ###.....     5%          3    None
c - Mephitic Cloud        Conj/Pois/Air  ###.....     7%          3    None
d - Call Imp              Summ           ###.....     3%          2    None

Your spell library contained the following spells:

 Spells                   Type           Power        Failure   Level  Hunger
 Blink                    Tloc           N/A          5%          2    None
 Slow                     Hex            ##......     9%          2    None


Dungeon Overview and Level Annotations

Branches:
Dungeon (5/15)
 Temple: D:4-7

Altars:
Elyvilon
Hepliaklqana
Xom
The Shining One


Message History

Press: ? - help, Shift-Dir - straight line, f/p - iguana
Aim: an iguana (heavily wounded)
The magic dart hits the iguana.
The iguana is heavily wounded.
The iguana misses you.
Casting: Magic Dart (safe; 1% risk of failure)
Confirm with . or Enter, or press ? or * to list all spells.
Aiming: Magic Dart (safe; 1% risk of failure)
Press: ? - help, Shift-Dir - straight line, f/p - iguana
Aim: an iguana (heavily wounded)
The magic dart hits the iguana.
The iguana is almost dead.
The iguana bites you!
* * * LOW HITPOINT WARNING * * *
Your crimson imp hits the iguana but does no damage.
Casting: Magic Dart (safe; 1% risk of failure)
Confirm with . or Enter, or press ? or * to list all spells.
A beastly little devil appears in a puff of frigid air.
The iguana bites you!
You die...

.....###.#######...###
####...ยง..5..5...#.#
###.###.>#######5..#
#_### #.## #..## #.###
#.# #..# .##.# #.#
#..# ##..###.# #55####
#.###...# #l.5..#
.####.### #@.##.#
##.##.# #.###.#
#.#.#.# #.# #.#
.##.############.# #.#
##.###...........# #.#
#.##.............###.#
#.#######............#
..# #.############ ###
#.#


You could see an iguana, 3 friendly crimson imps and a friendly white imp.

Vanquished Creatures
  An ogre (D:4)
  A centaur skeleton (D:4)
  A gnoll shaman (D:4)
  An orc priest (D:4)
  A hound (D:4)
  Natasha (D:3)
  2 worker ants
  A hound skeleton (D:4)
  5 gnolls (D:4)
  3 adders
  An ooze (D:1)
  2 worms (D:2)
  2 dart slugs
  3 leopard geckos
  3 orcs (D:4)
  5 bats
  2 giant cockroaches
  8 goblins
  3 hobgoblins
  4 jackals (D:2)
  6 kobolds
  2 ball pythons (D:2)
  A ball python skeleton (D:4)
  3 frilled lizards
  4 rats
66 creatures vanquished.

Vanquished Creatures (collateral kills)
  Eustachio (D:4)
  A howler monkey (D:4)
  Natasha (twice) (D:3)
  A worker ant (D:4)
  A frilled lizard (D:5)
  A kobold (D:2)
7 creatures vanquished.

Vanquished Creatures (others)
  2 plants (D:4)
2 creatures vanquished.

Grand Total: 75 creatures vanquished

Notes
Turn   | Place    | Note
-------+----------+-------------------------------------------
     0 | D:1      | esteth the Deep Elf Wizard began the quest for the Orb.
     0 | D:1      | Reached XP level 1. HP: 10/10 MP: 7/7
   184 | D:1      | Reached XP level 2. HP: 15/15 MP: 5/9
   345 | D:1      | Reached skill level 5 in Spellcasting
   988 | D:2      | Reached XP level 3. HP: 19/19 MP: 6/11
  1052 | D:2      | Found a white marble altar of Elyvilon.
  1111 | D:2      | Learned a level 3 spell: Conjure Flame
  1115 | D:2      | Learned a level 3 spell: Mephitic Cloud
  1118 | D:2      | Learned a level 2 spell: Call Imp
  1706 | D:2      | Found a hazy altar of Hepliaklqana.
  2207 | D:3      | Noticed Natasha
  2210 | D:3      | Reached XP level 4. HP: 24/24 MP: 8/13
  2216 | D:3      | Killed Natasha
  2253 | D:3      | Noticed Natasha
  2257 | D:3      | Killed Natasha
  2277 | D:3      | Noticed Natasha
  2280 | D:3      | Killed Natasha
  2280 | D:3      | Reached skill level 6 in Spellcasting
  2285 | D:3      | You fall through a shaft for 2 floors!
  2285 | D:5      | Entered Level 5 of the Dungeon
  2286 | D:5      | Noticed a phantom
  2313 | D:4      | Reached XP level 5. HP: 11/28 MP: 0/15
  2595 | D:4      | Noticed an ogre
  2611 | D:4      | Killed an ogre
  2682 | D:4      | Reached skill level 7 in Spellcasting
  2682 | D:4      | Reached XP level 6. HP: 26/32 MP: 10/18
  2826 | D:4      | Noticed Eustachio
  3174 | D:4      | Killed Eustachio
  3471 | D:4      | Found a shimmering altar of Xom.
  3593 | D:4      | Reached skill level 5 in Conjurations
  3805 | D:4      | Reached skill level 8 in Spellcasting
  3890 | D:4      | Found a glowing golden altar of the Shining One.
  4036 | D:4      | Reached XP level 7. HP: 17/36 MP: 12/20
  4577 | D:4      | Slain by an iguana

Skill      XL: |  1  2  3  4  5  6  7 |
---------------+----------------------+-----
Conjurations   | 2 3 4 5 |  5.5
Spellcasting   | 5 6 7 8 |  8.3
Summonings     | 2 |  2.0
Dodging        | |  2.4
Stealth        | |  2.4
Translocations | |  1.1
Air Magic      | |  0.5
Poison Magic   | |  0.5

Action                   |  1- 3 |  4- 6 |  7- 9 || total
-------------------------+-------+-------+-------++-------
Melee: Unarmed           |    18 |     8 |       ||    26
 Cast: Magic Dart        |   105 |    81 |    10 ||   196
       Call Imp          |     4 |    22 |     9 ||    35
       Mephitic Cloud    |     2 |     3 |     1 ||     6
       Conjure Flame     |     1 |     4 |       ||     5
  Use: Scroll            |     3 |     1 |       ||     4
       Potion            |     2 |     4 |     1 ||     7
  Eat: Chunk             |     4 |     5 |     1 ||    10
Armor: Robe              |    13 |    11 |     1 ||    25
       Skin              |       |     3 |       ||     3
Dodge: Dodged            |    65 |    59 |     7 ||   131
